 Seeded DCSS version 0.26.1-12-g5ba1501909 (webtiles) character file.

Game seed: 12899211509202430853 (custom seed)

15932 pancakes the Thaumaturge (level 12, -3/91 HPs)
             Began as a Gnoll Hedge Wizard on Dec 2, 2021.
             Was a High Priest of Okawaru.
             Engulfed by a cloud of flame (23 damage)
             ... in a volcano on Dec 3, 2021.
             The game lasted 01:14:58 (12472 turns).

pancakes the Thaumaturge (Gnoll Hedge Wizard)      Turns: 12472, Time: 01:14:59

Health: -3/91      AC: 14    Str: 13    XL:     12   Next: 32%
Magic:  20/35      EV: 17    Int: 21    God:    Okawaru [*****.]
Gold:   756        SH:  0    Dex: 15    Spells: 15/31 levels left

rFire    . . .     SeeInvis .   a - +9 staff of Olgreb {rPois∞}
rCold    . . .     Faith    .   (no shield)
rNeg     . . .     Spirit   .   W - +1 acid dragon scales
rPois    ∞         Reflect  .   v - +0 helmet
rElec    .         Harm     .   (no cloak)
rCorr    +         Rampage  .   H - +0 pair of gloves of Responsibility {Will+ Regen+}
Will     +....                  k - +2 pair of boots {Stlth+}
Stlth    +++++.....             J - amulet of magic regeneration
HPRegen  0.65/turn              m - ring of wizardry
MPRegen  0.49/turn              s - ring of magical power

@: no status effects
A: distributed training, fangs 1, strong nose
a: Renounce Religion, Heroism, Finesse


You were in a volcano.
You worshipped Okawaru.
Okawaru was extremely pleased with you.
You visited 2 branches of the dungeon, and saw 11 of its levels.
You also visited: Sewer and Volcano.

You collected 756 gold pieces.

Inventory:

Hand Weapons
 a - the +9 staff of Olgreb (weapon) {rPois∞}
   (You found it on level 4 of the Dungeon)

   It grants immunity to poison.
 b - a +2 fustibalus of freezing
 c - the +8 trident of the Octopus King {venom, rElec rPois Will+}
   (You found it on level 5 of the Dungeon)

   It poisons the flesh of those it strikes.
   It insulates you from electricity.
   It protects you from poison.
   It affects your willpower, your defense against some magical effects.
 d - a +4 hunting sling of flaming
Missiles
 f - 4 curare-tipped darts
 g - 142 sling bullets
 l - 2 silver boomerangs
 u - 26 bolts
 y - 50 poisoned darts (quivered)
 A - 2 boomerangs
 G - 7 atropa-tipped darts
 T - 5 boomerangs of dispersal
 X - a throwing net
 Y - 167 arrows
Armour
 k - a +2 pair of boots of stealth (worn)
 n - a +1 chain mail of fire resistance
 v - a +0 helmet (worn)
 H - the +0 pair of gloves of Responsibility (worn) {Will+ Regen+}
   (You found it on level 8 of the Dungeon)

   It affects your willpower, your defense against some magical effects.
   It increases your rate of regeneration.
 W - +1 acid dragon scales (worn)
Jewellery
 m - a ring of wizardry (left hand)
 s - a ring of magical power (right hand)
 J - an amulet of magic regeneration (around neck)
Wands
 i - a wand of paralysis (14)
 x - a wand of flame (25)
 B - a wand of enslavement (8)
 F - a wand of polymorph (12)
 R - a wand of digging (4)
 U - a wand of disintegration (21)
 V - a wand of iceblast (20)
Scrolls
 e - a scroll of amnesia {unknown}
 o - 3 scrolls of remove curse
 p - 2 scrolls of fear
 t - 8 scrolls of teleportation
 C - a scroll of blinking {unknown}
 I - 2 scrolls of immolation {unknown}
 P - 2 scrolls of holy word {unknown}
Potions
 h - a potion of resistance
 j - 7 potions of flight
 q - a potion of lignification
 r - 5 potions of curing
 w - a potion of magic
 z - a potion of might {unknown}
 O - a potion of attraction {unknown}
 Q - 3 potions of haste
 S - 3 potions of brilliance {unknown}


   Skills:
 + Level 7.2 Fighting
 + Level 7.2 Short Blades
 + Level 7.2 Long Blades
 + Level 7.2 Axes
 + Level 7.2 Maces & Flails
 + Level 7.2 Polearms
 + Level 7.2 Staves
 + Level 7.2 Slings
 + Level 7.2 Bows
 + Level 7.2 Crossbows
 + Level 7.2 Throwing
 + Level 7.2 Armour
 + Level 8.6 Dodging
 + Level 8.4 Stealth
 + Level 7.2 Shields
 + Level 7.2 Unarmed Combat
 + Level 10.1 Spellcasting
 + Level 6.4 Conjurations
 + Level 5.9 Hexes
 + Level 6.4 Summonings
 + Level 5.9 Necromancy
 + Level 6.4 Translocations
 + Level 5.9 Transmutations
 + Level 5.9 Fire Magic
 + Level 5.9 Ice Magic
 + Level 5.9 Air Magic
 + Level 5.9 Earth Magic
 + Level 5.9 Poison Magic
 + Level 7.9 Invocations
 + Level 7.2 Evocations


You had 15 spell levels left.
You knew the following spells:

 Your Spells              Type           Power        Failure   Level
b - Blink                 Tloc           N/A          1%          2
d - Mephitic Cloud        Conj/Pois/Air  53%          1%          3
e - Conjure Flame         Conj/Fire      36%          1%          3
m - Call Imp              Summ           37%          1%          2
n - Summon Lightning Spi  Summ/Air       36%          2%          4
s - Magic Dart            Conj           100%         1%          1
y - Apportation           Tloc           74%          1%          1

Your spell library contained the following spells:

 Spells                   Type           Power        Failure   Level
 Animate Skeleton         Necr           70%          1%          1
 Corona                   Hex            38%          1%          1
 Summon Small Mammal      Summ           100%         1%          1
 Slow                     Hex            35%          1%          2
 Call Canine Familiar     Summ           37%          1%          3
 Summon Guardian Golem    Hex/Summ       36%          1%          3
 Summon Ice Beast         Ice/Summ       36%          2%          4


Dungeon Overview and Level Annotations

Branches:
Dungeon (10/15)            Temple (0/1) D:6            Lair (1/6) D:9
  Sewer (visited)         Volcano (1/1)
    Orc: D:9-12

Altars:
Ashenzari
Dithmenos
Elyvilon
Fedhas
Hepliaklqana
Kikubaaqudgha
Nemelex Xobeh
Okawaru
Qazlal
Ru
Trog
Yredelemnul
Zin


Innate Abilities, Weirdness & Mutations

Your experience applies equally to all skills.
You have very sharp teeth.
Your uncanny sense of smell can sniff out nearby items.


Message History

Okawaru is honoured by your kill. Something appears at your feet!
Okawaru grants you ammunition!
Y - 167 arrows (gained 18) Unknown command.
The salamander seems less confused.
The salamander misses you.
You hit the salamander but do no damage.
You envenom the salamander.
The salamander looks even sicker.
The salamander is almost dead.
The air gets thick with the scent of sulphur.
The salamander completely misses you.
You sock the salamander!
You kill the salamander!
Okawaru accepts your kill.
Things that are here:
a +2 spear; a salamander corpse In the distance, the volcano erupts with a roar.
You are engulfed in blazing flames.
You die...

≈≈≈#≈≈≈≈§#≈≈≈#≈≈≈≈≈#§#≈§≈
#≈#≈§§≈≈≈○☼○#☼≈≈§○#☼☼☼#○#≈§
≈≈≈≈≈≈≈#≈☼○○☼☼≈≈≈○○○○☼○#≈§≈
≈≈§≈°°≈≈≈☼○☼☼○○≈≈○○○○○○☼≈§§
≈≈≈≈≈≈≈≈§☼☼○§☼☼≈≈☼☼☼§§☼§§≈≈
≈≈≈§§§≈≈≈○§○○☼○§≈○○☼≈§§§≈≈≈
§≈≈.§§§.§§☼§§§○§§☼☼☼§§§§§≈§
..≈§§§≈§.§§§☼○○○§☼☼○○≈§≈§≈≈
.....8.§.§((§§8○@☼○☼○#≈≈≈≈
##...##'##...#####○☼○####≈
.##.##...##.##∆ ∆##○○##.##
..#.#.....#.# ∆∆∆#.§#.#∩#
..#.#...).#.#∆∆∆∆∆#..#.#∩#
.##.##...##.##∆ ∆##..#'###
##...#####...##+##....##
..............^^^°...##
≈≈≈≈≈≈≈≈≈≈≈≈≈≈≈≈≈≈≈≈≈≈≈≈≈≈≈≈


You could see a friendly lightning spire (summoned).

Vanquished Creatures
  Erolcha (D:9)
  Erica (D:8)
  A two-headed ogre (Volcano)
  2 unseen horrors (D:10)
  Pikel (D:7)
  An ugly thing (D:7)
  2 salamanders (Volcano)
  The ghost of Hubris850 the Charlatan, a novice OpVM of Sif Muna (D:7)
  Maggie (D:6)
  A komodo dragon (Lair:1)
  2 kobold demonologists (D:10)
  A troll (D:9)
  Prince Ribbit (D:9)
  A meliai zombie (D:10)
  A vampire (D:10)
  A wyvern (D:9)
  A wraith (D:10)
  2 basilisks (D:9)
  A fire bat (Volcano)
  14 yaks
  Menkaure (D:7)
  A soldier ant (D:10)
  3 water moccasins
  A hell hound (Volcano)
  2 sky beasts
  2 ice beasts
  2 orc warriors
  2 black bears
  An eye of draining (D:10)
  6 ogres
  A phantom (D:7)
  6 wolves (Lair:1)
  3 centaurs
  A lemure (D:7)
  2 big kobolds
  A gnoll sergeant (D:8)
  5 bullfrogs
  2 scorpions
  3 electric eels
  7 wights
  A howler monkey (D:8)
  A bullfrog zombie (D:7)
  A jelly (D:5)
  6 orc priests
  3 centaur skeletons
  4 hounds
  An orc wizard (D:8)
  A gnoll shaman (D:4)
  2 iguanas
  Terence (D:2)
  3 worker ants
  2 hound zombies (D:7)
  2 hound skeletons
  Robin (D:3)
  9 gnolls
  10 adders
  A river rat (D:3)
  A shadow imp (D:9)
  A white imp (D:8)
  4 ufetubi
  8 oozes
  4 adder skeletons
  5 worms
  3 dart slugs
  11 leopard geckos
  32 orcs
  11 bats
  8 giant cockroaches
  8 goblins
  7 hobgoblins
  13 jackals
  4 quokkas
  5 ball pythons
  6 frilled lizards
  22 kobolds
  A leopard gecko skeleton (D:6)
  A leopard gecko zombie (D:5)
  3 rats
296 creatures vanquished.

Vanquished Creatures (collateral kills)
  2 two-headed ogres (Volcano)
  A salamander (Volcano)
  A wyvern (D:9)
  A fire bat (Volcano)
  2 yaks (D:9)
  A hell hound (Volcano)
  3 water moccasins
  An ice beast (D:9)
  A big kobold (D:10)
  A howler monkey (D:8)
  A wyvern simulacrum (D:7)
  A bullfrog skeleton (D:7)
  A jelly (D:10)
  A worker ant (D:9)
  An adder (D:8)
  A shadow imp (D:10)
  A white imp (D:10)
  4 goblins (D:3)
  A hobgoblin (D:3)
  2 kobolds (D:10)
  A rat (D:3)
29 creatures vanquished.

Vanquished Creatures (others)
  A fungus (D:9)
  9 plants (D:9)
10 creatures vanquished.

Grand Total: 335 creatures vanquished

Notes
Turn   | Place    | Note
-------+----------+-------------------------------------------
     0 | D:1      | pancakes the Gnoll Hedge Wizard began the quest for the
                  | Orb.
     0 | D:1      | Reached XP level 1. HP: 13/13 MP: 8/8
   261 | D:1      | Reached XP level 2. HP: 19/19 MP: 8/10
  1019 | D:2      | Reached XP level 3. HP: 25/25 MP: 4/11
  1081 | D:2      | Noticed Terence
  1089 | D:2      | Learned a level 3 spell: Mephitic Cloud
  1093 | D:2      | Learned a level 3 spell: Conjure Flame
  1096 | D:2      | Learned a level 2 spell: Blink
  1099 | D:2      | Learned a level 2 spell: Call Imp
  1110 | D:2      | Killed Terence
  1111 | D:2      | Reached skill level 1 in Invocations
  1318 | D:2      | Reached skill level 1 in Fighting
  1318 | D:2      | Reached skill level 1 in Short Blades
  1318 | D:2      | Reached skill level 1 in Long Blades
  1318 | D:2      | Reached skill level 1 in Axes
  1318 | D:2      | Reached skill level 1 in Maces & Flails
  1318 | D:2      | Reached skill level 1 in Polearms
  1318 | D:2      | Reached skill level 1 in Staves
  1318 | D:2      | Reached skill level 1 in Slings
  1318 | D:2      | Reached skill level 1 in Bows
  1318 | D:2      | Reached skill level 1 in Crossbows
  1318 | D:2      | Reached skill level 1 in Throwing
  1318 | D:2      | Reached skill level 1 in Armour
  1318 | D:2      | Reached skill level 1 in Shields
  1318 | D:2      | Reached skill level 1 in Unarmed Combat
  1318 | D:2      | Reached skill level 1 in Evocations
  1356 | D:2      | Reached XP level 4. HP: 32/32 MP: 10/13
  1956 | D:3      | Reached skill level 1 in Hexes
  1956 | D:3      | Reached skill level 1 in Necromancy
  1956 | D:3      | Reached skill level 1 in Transmutations
  1956 | D:3      | Reached skill level 1 in Fire Magic
  1956 | D:3      | Reached skill level 1 in Ice Magic
  1956 | D:3      | Reached skill level 1 in Air Magic
  1956 | D:3      | Reached skill level 1 in Earth Magic
  1956 | D:3      | Reached skill level 1 in Poison Magic
  1990 | D:3      | Noticed Robin
  2029 | D:3      | Killed Robin
  2031 | D:3      | Reached XP level 5. HP: 18/37 MP: 14/14
  2262 | D:3      | Found a glowing drain.
  2279 | Sewer    | Entered a sewer
  3506 | D:4      | Found the +9 staff of Olgreb {rPois∞}
  3589 | D:4      | Reached XP level 6. HP: 44/44 MP: 16/16
  3661 | D:4      | Found a stormy altar of Qazlal.
  3857 | D:4      | Reached skill level 5 in Dodging
  4118 | D:4      | Found a white marble altar of Elyvilon.
  4119 | D:4      | Found an ancient bone altar of Kikubaaqudgha.
  4119 | D:4      | Found an iron altar of Okawaru.
  4164 | D:4      | Found a sparkling altar of Nemelex Xobeh.
  4171 | D:4      | Became a worshipper of Warmaster Okawaru
  4235 | D:4      | Found a glowing silver altar of Zin.
  4235 | D:4      | Found a bloodstained altar of Trog.
  4652 | D:5      | Entered Level 5 of the Dungeon
  4756 | D:5      | Reached XP level 7. HP: 44/50 MP: 18/18
  5012 | D:5      | Found the +8 trident of the Octopus King {venom, rElec
                  | rPois Will+}
  5706 | D:6      | Found a staircase to the Ecumenical Temple.
  5743 | D:6      | Noticed Maggie
  5762 | D:6      | Killed Maggie
  5762 | D:6      | Reached * piety under Okawaru
  5763 | D:6      | Reached skill level 5 in Stealth
  5763 | D:6      | Reached XP level 8. HP: 40/57 MP: 19/19
  6006 | D:6      | Reached ** piety under Okawaru
  6318 | D:6      | Found a blossoming altar of Fedhas.
  6703 | D:7      | Noticed Menkaure
  6714 | D:7      | Killed Menkaure
  6715 | D:7      | Reached skill level 8 in Spellcasting
  6823 | D:7      | Noticed Pikel
  6864 | D:7      | Killed Pikel
  6865 | D:7      | Reached XP level 9. HP: 43/65 MP: 21/21
  7055 | D:7      | Found a runed translucent gate.
  7055 | D:7      | Found a runed translucent gate.
  7056 | D:7      | Found a runed translucent gate.
  7058 | D:7      | Noticed Hubris850's ghost (novice OpVM)
  7106 | D:7      | Noticed a green ugly thing
  7130 | D:7      | Killed a green ugly thing
  7130 | D:7      | Reached *** piety under Okawaru
  7205 | D:7      | Learned a level 4 spell: Summon Lightning Spire
  7297 | D:7      | Received a gift from Okawaru
  7573 | D:7      | Reached skill level 5 in Invocations
  7999 | D:7      | Killed Hubris850's ghost
  7999 | D:7      | Received a gift from Okawaru
  7999 | D:7      | Reached **** piety under Okawaru
  8000 | D:7      | Reached XP level 10. HP: 29/73 MP: 22/22
  8318 | D:8      | Noticed Erica
  8331 | D:8      | Killed Erica
  8332 | D:8      | Reached skill level 5 in Fighting
  8332 | D:8      | Reached skill level 5 in Short Blades
  8332 | D:8      | Reached skill level 5 in Long Blades
  8332 | D:8      | Reached skill level 5 in Axes
  8332 | D:8      | Reached skill level 5 in Maces & Flails
  8332 | D:8      | Reached skill level 5 in Polearms
  8332 | D:8      | Reached skill level 5 in Staves
  8332 | D:8      | Reached skill level 5 in Slings
  8332 | D:8      | Reached skill level 5 in Bows
  8332 | D:8      | Reached skill level 5 in Crossbows
  8332 | D:8      | Reached skill level 5 in Throwing
  8332 | D:8      | Reached skill level 5 in Armour
  8332 | D:8      | Reached skill level 5 in Shields
  8332 | D:8      | Reached skill level 5 in Unarmed Combat
  8332 | D:8      | Reached skill level 5 in Evocations
  8339 | D:8      | Reached ***** piety under Okawaru
  8349 | D:8      | Received a gift from Okawaru
  8396 | D:8      | Reached skill level 9 in Spellcasting
  8710 | D:8      | Got a pair of steaming gloves
  8716 | D:8      | Identified the cursed +0 pair of gloves of Responsibility
                  | {Will+ Regen+} (You found it on level 8 of the Dungeon)
  8728 | D:8      | Found a basalt altar of Yredelemnul.
  8846 | D:8      | Learned a level 1 spell: Apportation
  9481 | D:8      | Found a shadowy altar of Dithmenos.
  9581 | D:9      | Reached skill level 5 in Conjurations
  9581 | D:9      | Reached skill level 5 in Summonings
  9581 | D:9      | Reached skill level 5 in Translocations
  9589 | D:9      | Received a gift from Okawaru
  9637 | D:9      | Noticed Erolcha
  9645 | D:9      | Killed Erolcha
  9646 | D:9      | Reached XP level 11. HP: 29/81 MP: 17/24
  9650 | D:9      | Received a gift from Okawaru
  9670 | D:9      | Found a staircase to the Lair.
  9691 | D:9      | Reached skill level 5 in Hexes
  9691 | D:9      | Reached skill level 5 in Necromancy
  9691 | D:9      | Reached skill level 5 in Transmutations
  9691 | D:9      | Reached skill level 5 in Fire Magic
  9691 | D:9      | Reached skill level 5 in Ice Magic
  9691 | D:9      | Reached skill level 5 in Air Magic
  9691 | D:9      | Reached skill level 5 in Earth Magic
  9691 | D:9      | Reached skill level 5 in Poison Magic
  9983 | D:9      | Found a sparkling altar of Nemelex Xobeh.
 10242 | D:9      | Found a hazy altar of Hepliaklqana.
 10664 | D:9      | Found a broken altar of Ashenzari.
 10691 | D:9      | Noticed Prince Ribbit
 10699 | D:9      | Killed Prince Ribbit
 10699 | D:9      | Received a gift from Okawaru
 10861 | D:9      | Found a sacrificial altar of Ru.
 11028 | D:10     | Entered Level 10 of the Dungeon
 11070 | D:10     | Noticed a soul eater
 11080 | D:10     | Killed an unseen horror
 11236 | D:10     | Got a crude bronze ring
 11238 | D:10     | Identified the cursed ring "Risi" {+Fly Will+ EV-4} (You
                  | found it on level 10 of the Dungeon)
 11258 | D:10     | Killed an unseen horror
 11347 | D:10     | Received a gift from Okawaru
 12074 | Lair:1   | Entered Level 1 of the Lair of Beasts
 12105 | Lair:1   | Reached XP level 12. HP: 89/89 MP: 16/25
 12126 | Lair:1   | Found a dark tunnel.
 12167 | Volcano  | Entered a volcano
 12230 | Volcano  | Noticed a two-headed ogre
 12233 | Volcano  | Reached skill level 10 in Spellcasting
 12238 | Volcano  | Killed a two-headed ogre
 12434 | Volcano  | Noticed a two-headed ogre
 12434 | Volcano  | Noticed a two-headed ogre
 12444 | Volcano  | HP: 3/91 [salamander/+2 spear (10)]
 12451 | Volcano  | Killed a two-headed ogre
 12462 | Volcano  | Killed a two-headed ogre
 12462 | Volcano  | Received a gift from Okawaru
 12472 | Volcano  | Engulfed by a cloud of flame

Illustrated notes

Levels and vault maps discovered:
D:1:      giann_bridges, layout_basic
D:2:      layout_loops_ring, uniq_terence
D:3:      layout_loops_ring, portal_sewer_entry_b, uniq_robin
D:4:      layout_basic, nicolae_overflow_crystal_walls,
          chequers_temple_overflow_statue_of_worship,
          grunt_temple_overflow_open, hangedman_decor_push
D:5:      layout_gridville
D:6:      layout_loops_cross, kennysheep_little_box,
          minmay_temple_entry_glassed_door, uniq_maggie
D:7:      layout_basic, gammafunk_ghost_necromancy, fountainhead, uniq_pikel,
          uniq_menkaure
D:8:      layout_basic, nicolae_dithmenos_through_a_glass_darkly,
          kennysheep_diamond, serial_park_tiny_pond, yredelemnul_altar_generic,
          uniq_erica
D:9:      layout_basic, marbit_many_paths, general_overflow_altar,
          evilmike_ruin_ashenzari, minmay_lair_entry_grove,
          nemelex_dance_club_becter, uniq_prince_ribbit1, uniq_erolcha
D:10:     layout_long_grid
Lair:1:   layout_roguey, enter_volcano_1, uniq_urug, uniq_grum
Volcano:  volcano_village

Skill      XL: |  1  2  3  4  5  6  7  8  9 10 11 12 |
---------------+-------------------------------------+-----
Conjurations   | 2 3 4 5 6 |  6.4
Summonings     | 2 3 4 5 6 |  6.4
Translocations | 2 3 4 5 6 |  6.4
Invocations    | 1 2 3 4 5 6 7 |  7.9
Fighting       | 1 2 3 4 5 6 7 |  7.2
Short Blades   | 1 2 3 4 5 6 7 |  7.2
Long Blades    | 1 2 3 4 5 6 7 |  7.2
Axes           | 1 2 3 4 5 6 7 |  7.2
Maces & Flails | 1 2 3 4 5 6 7 |  7.2
Polearms       | 1 2 3 4 5 6 7 |  7.2
Staves         | 1 2 3 4 5 6 7 |  7.2
Slings         | 1 2 3 4 5 6 7 |  7.2
Bows           | 1 2 3 4 5 6 7 |  7.2
Crossbows      | 1 2 3 4 5 6 7 |  7.2
Throwing       | 1 2 3 4 5 6 7 |  7.2
Armour         | 1 2 3 4 5 6 7 |  7.2
Shields        | 1 2 3 4 5 6 7 |  7.2
Unarmed Combat | 1 2 3 4 5 6 7 |  7.2
Evocations     | 1 2 3 4 5 6 7 |  7.2
Hexes          | 1 2 3 4 5 |  5.9
Necromancy     | 1 2 3 4 5 |  5.9
Transmutations | 1 2 3 4 5 |  5.9
Fire Magic     | 1 2 3 4 5 |  5.9
Ice Magic      | 1 2 3 4 5 |  5.9
Air Magic      | 1 2 3 4 5 |  5.9
Earth Magic    | 1 2 3 4 5 |  5.9
Poison Magic   | 1 2 3 4 5 |  5.9
Dodging        | 5 6 7 8 |  8.6
Stealth        | 5 6 7 8 |  8.4
Spellcasting   | 8 9 10 | 10.1

Action                   |  1- 3 |  4- 6 |  7- 9 | 10-12 || total
-------------------------+-------+-------+-------+-------++-------
Melee: Dagger            |    21 |   121 |       |       ||   142
       Bite              |     2 |    15 |     9 |    20 ||    46
       Staff             |       |    29 |   107 |   224 ||   360
       Trident           |       |       |     8 |     8 ||    16
       Punch             |       |       |       |     5 ||     5
 Fire: Hunting sling     |       |       |       |     3 ||     3
Throw: Dart              |       |     1 |       |    10 ||    11
 Cast: Magic Dart        |    43 |    88 |    79 |    45 ||   255
       Call Imp          |     2 |     2 |     1 |     2 ||     7
       Mephitic Cloud    |       |     3 |     3 |     7 ||    13
       Blink             |       |     1 |     1 |     3 ||     5
       Conjure Flame     |       |       |     5 |     2 ||     7
       Summon Lightning  |       |       |     2 |    15 ||    17
       Apportation       |       |       |       |     1 ||     1
Invok: Heroism           |       |       |       |     2 ||     2
Evoke: Staff of Olgreb   |       |    18 |    31 |    71 ||   120
  Use: Scroll            |     3 |     8 |     4 |     7 ||    22
       Potion            |       |       |       |     2 ||     2
 Stab: Sleeping          |     4 |     5 |     6 |     9 ||    24
       Confused          |       |       |     3 |     1 ||     4
       Distracted        |       |       |       |     3 ||     3
Armor: Robe              |     6 |    45 |       |       ||    51
       Leather armour    |       |     2 |     3 |       ||     5
       Acid dragon scale |       |       |    19 |    66 ||    85
Dodge: Dodged            |    17 |   155 |    60 |   156 ||   388
